[Event "Team 45 45 League T87"]
[Site "Internet Chess Club"]
[Date "2021.01.16"]
[Round "2"]
[White "oldbookseller"]
[Black "jungleboy"]
[Result "0-1"]
[WhiteElo "1043"]
[BlackElo "1136"]
[Opening "Queen's pawn game, Chigorin variation"]
[ECO "A40"]
[Time "13:00:52"]
[TimeControl "2700+45"]

1. d4 Nc6 2. Nf3 d5 3. e3 Nf6 4. Bd3 Bg4 5. Nbd2 e5 6. dxe5 Nxe5 7. O-O Nxd3 8.
cxd3 Bd6 9. Qc2 Qd7 10. b3 h5 11. Bb2 h4 12. h3 Bxf3 13. Nxf3 O-O-O 14. Bd4 Rdg8
15. Rfc1 Rh6 16. Qc3 Rg6 17. Kf1 Ng4 18. Ke1 Qb5 19. Bxa7 Bb4 20. Nd2 Bxc3 21.
Rxc3 Rc6 22. Bd4 Rxc3 23. Bxc3 Nh6 24. Be5 f6 25. Bf4 Qxd3 26. Rc1 c6 27. Rc5
Qa6 28. e4 Re8 29. Nf3 Qxa2 30. Nd4 Qa1+ 31. Kd2 Qxd4+ {White resigns} 0-1

[Event "Team 45 45 League T87"]
[Site "Internet Chess Club"]
[Date "2021.01.14"]
[Round "2"]
[White "Chess4Him"]
[Black "Hectormercado"]
[Result "1-0"]
[WhiteElo "1545"]
[BlackElo "1466"]
[Opening "Queen's pawn, Mason variation"]
[ECO "D00"]
[Time "15:00:46"]
[TimeControl "2700+45"]

1. d4 d5 2. Bf4 c6 3. Nf3 e6 4. e3 Nf6 5. c4 Nbd7 6. Nc3 a6 7. Bd3 dxc4 8. Bxc4
b5 9. Bd3 c5 10. Ne4 Bb7 11. Nxf6+ Nxf6 12. O-O cxd4 13. Nxd4 Bd6 14. Bxd6 Qxd6
15. Nxb5 Qc6 16. Nd6+ Ke7 17. Nxb7 Qxb7 18. Qe2 Rhd8 19. Rac1 Kf8 20. Rc3 Kg8
21. Rfc1 Nd5 22. Rb3 Qa7 23. Qf3 Rac8 24. Rxc8 Rxc8 25. g3 a5 26. Be4 Nb4 27.
Qh5 g6 28. Qb5 Rc5 29. Qe8+ Kg7 30. a3 Rc1+ 31. Kg2 Nc2 32. Rb7 Ne1+ 33. Kh3 Qc5
34. Qxf7+ Kh6 35. Qxh7+ {Black resigns} 1-0

[Event "Team 45 45 League T87"]
[Site "Internet Chess Club"]
[Date "2021.01.16"]
[Round "2"]
[White "Conjurer"]
[Black "stantheman59"]
[Result "1-0"]
[WhiteElo "1281"]
[BlackElo "1219"]
[Opening "Queen's pawn, Mason variation"]
[ECO "D00"]
[Time "13:01:53"]
[TimeControl "2700+45"]

1. d4 d5 2. Bf4 Nf6 3. e3 Bf5 4. c4 c6 5. Nc3 e6 6. Nf3 h6 7. h3 Nbd7 8. Qb3 Qc8
9. Be2 c5 10. cxd5 exd5 11. Nxd5 Be6 12. Bc4 cxd4 13. Nxd4 Nc5 14. Bb5+ Bd7 15.
Bxd7+ Qxd7 16. Nxf6+ gxf6 17. Qc2 Bd6 18. Nf5 Bxf4 19. exf4 Nd3+ 20. Ke2 Nxf4+
21. Kf3 Nd3 22. Qe2+ Ne5+ 23. Kf4 Kf8 24. g4 Re8 25. Kg3 h5 26. Rad1 Qc7 27. f4
Ng6 28. Qf2 Kg8 29. Rhe1 Rxe1 30. Rxe1 h4+ 31. Nxh4 Nxh4 32. Re8+ Kg7 33. Rxh8
Nf5+ 34. gxf5 Kxh8 35. Qxa7 Qc8 36. Kg4 Kg7 37. Qf2 Qh8 38. Qh4 Qa8 39. a3 b5
40. Qg3 Qh8 41. Kf3+ Kf8 42. Ke4 Ke7 43. Qb3 Qa8+ 44. Qd5 Qa4+ 45. Qd4 Qa8+ 46.
Ke3 Qg2 47. Qe4+ {Black resigns} 1-0

[Event "Team 45 45 League T87"]
[Site "Internet Chess Club"]
[Date "2021.01.19"]
[Round "2"]
[White "Pawnchain"]
[Black "clarinetref"]
[Result "1/2-1/2"]
[WhiteElo "1364"]
[BlackElo "1443"]
[Opening "King's Indian: London system"]
[ECO "A45"]
[Time "09:06:08"]
[TimeControl "2700+45"]

1. d4 Nf6 2. Bf4 g6 3. Nf3 d6 4. Nc3 Bg7 5. e4 Bg4 6. Be2 Nfd7 7. Qd2 h6 8.
O-O-O Nc6 9. e5 dxe5 10. dxe5 Ndxe5 11. Qe3 Qc8 12. Bxe5 Nxe5 13. Nxe5 Bxe2 14.
Qxe2 Qe6 15. f4 O-O 16. Rhe1 Qf5 17. g3 Rad8 18. Rxd8 Rxd8 19. Qc4 {Game drawn
by mutual agreement} 1/2-1/2

[Event "Team 45 45 League T87"]
[Site "Internet Chess Club"]
[Date "2021.01.14"]
[Round "2"]
[White "harrington"]
[Black "smsxman"]
[Result "1-0"]
[WhiteElo "1316"]
[BlackElo "1386"]
[Opening "Scandinavian (center counter) defense"]
[ECO "B01"]
[Time "20:00:11"]
[TimeControl "2700+45"]

1. e4 d5 2. exd5 Qxd5 3. Nc3 Qd8 4. d4 Nf6 5. Nf3 e6 6. Bg5 Be7 7. Bd3 Nc6 8.
O-O O-O 9. Ne2 Nb4 10. Bc4 a6 11. c3 Nbd5 12. a4 Bd7 13. Ne5 b5 14. axb5 Bxb5
15. Bxb5 axb5 16. Nf4 Rxa1 17. Qxa1 Ne4 18. Nc6 Qd7 19. Nxe7+ Nxe7 20. Bxe7 Qxe7
21. Re1 Nd6 22. b3 Re8 23. Nd3 Qg5 24. Re5 Qd2 25. Nc5 b4 26. c4 h6 27. h3 Nf5
28. d5 Qc3 29. Re1 Qxa1 30. Rxa1 exd5 31. cxd5 Nd4 32. Ra7 Rd8 33. Rxc7 Rxd5 34.
Na6 Rb5 35. Nc5 Kf8 36. f3 Ne2+ 37. Kf2 Nf4 38. Kg3 g5 39. h4 f6 40. Ne4 Ne2+
41. Kf2 Nd4 42. Nxf6 Nxb3 43. hxg5 hxg5 44. Ne4 Nd4 45. Rc4 Ne6 46. Rc2 b3 47.
Rb2 Nd4 48. Ke3 Ne6 49. Kd3 Nf4+ 50. Kc3 Rb8 51. Nxg5 Kg7 52. g3 Nd5+ 53. Kd3
Kg6 54. Ne4 Rf8 55. Kd4 Rd8 56. Rxb3 Nf6+ 57. Ke3 Re8 58. Rb6 Kg7 59. Rxf6 Rxe4+
60. fxe4 Kxf6 61. Kf4 {Black resigns} 1-0

[Event "Team 45 45 League T87"]
[Site "Internet Chess Club"]
[Date "2021.01.17"]
[Round "2"]
[White "Tjet"]
[Black "gregorgg"]
[Result "1/2-1/2"]
[WhiteElo "1317"]
[BlackElo "1366"]
[Opening "English opening"]
[ECO "A20"]
[Time "15:01:06"]
[TimeControl "2700+45"]

1. c4 e5 2. g3 Nc6 3. Bg2 f5 4. e3 Nf6 5. Ne2 d5 6. cxd5 Nb4 7. O-O Nd3 8. Nbc3
e4 9. a3 Nxd5 10. Nxd5 Qxd5 11. Nc3 Qf7 12. b4 c6 13. f3 exf3 14. Bxf3 Bd6 15.
Bh5 g6 16. Be2 Nxc1 17. Rxc1 O-O 18. Bf3 Be6 19. d4 Rad8 20. d5 cxd5 21. Bxd5
Bb8 22. Bxe6 Qxe6 23. Qe2 Qb3 24. Qa2 Qxa2 25. Nxa2 Rd2 26. Rf2 Rd3 27. Rc3 Rfd8
28. Rfc2 Rd1+ 29. Kg2 Be5 30. Rc8 Kf7 31. Rxd8 Rxd8 32. Re2 Rd3 33. a4 Ke6 34.
b5 Ra3 35. Nb4 Rxa4 36. Nd3 Bd6 37. Rc2 Ra3 38. Nc5+ Bxc5 39. Rxc5 Rxe3 40. Rc7
Re2+ 41. Kg1 Rd2 42. Rxb7 Rd7 43. Rb8 Kd6 44. b6 Kc6 45. bxa7 Rxa7 46. Re8 Kd6
47. Re2 Re7 48. Rd2+ Ke6 49. Kg2 g5 50. h3 Kf6 51. Kf3 h5 52. Ra2 Rh7 53. Ra6+
Kg7 54. Ra7+ Kh8 55. Ra8+ Kg7 56. Ra7+ Kh6 57. Ra6+ Kg7 58. Ra7+ Kg8 59. Ra8+
Kf7 60. Ra7+ Kg6 61. Ra6+ Kf7 62. Ra7+ Kg8 63. Ra8+ {Game drawn by mutual
agreement} 1/2-1/2

[Event "Team 45 45 League T87"]
[Site "Internet Chess Club"]
[Date "2021.01.17"]
[Round "2"]
[White "woofgang"]
[Black "xingon"]
[Result "0-1"]
[WhiteElo "1206"]
[BlackElo "1410"]
[Opening "Sicilian: Najdorf, 7...Be7"]
[ECO "B98"]
[Time "13:01:00"]
[TimeControl "2700+45"]

1. e4 c5 2. Nf3 d6 3. d4 cxd4 4. Nxd4 Nf6 5. Nc3 a6 6. Bg5 e6 7. f4 Be7 8. g4 b5
9. Bxf6 Bxf6 10. Nce2 e5 11. fxe5 dxe5 12. Qd3 exd4 13. O-O-O Bxg4 14. h3 Be6
15. Bg2 Be5 16. a3 Nc6 17. Rdf1 Qg5+ {White resigns} 0-1

[Event "Team 45 45 League T87"]
[Site "Internet Chess Club"]
[Date "2021.01.15"]
[Round "2"]
[White "ChessJayden"]
[Black "cayo89"]
[Result "1/2-1/2"]
[WhiteElo "1698"]
[BlackElo "1501"]
[Opening "Pirc defense"]
[ECO "B07"]
[Time "20:30:51"]
[TimeControl "2700+45"]

1. e4 d6 2. d4 Nf6 3. Nc3 e5 4. dxe5 dxe5 5. Qxd8+ Kxd8 6. Nf3 Bd6 7. Bc4 Be6 8.
Bxe6 fxe6 9. O-O c6 10. Rd1 Ke7 11. a3 Nbd7 12. Be3 Ng4 13. Bg5+ Ngf6 14. h3 h6
15. Bh4 g5 16. Bg3 Nh5 17. Bh2 Nf4 18. Rd2 Bc7 19. Rad1 Nf6 20. Bxf4 gxf4 21.
Nh2 h5 22. b4 Rad8 23. Rxd8 Rxd8 24. Rxd8 Bxd8 25. Nf3 Bc7 26. Kf1 b5 27. Ke2
Nd7 28. Nd2 a5 29. g4 fxg3 30. fxg3 axb4 31. axb4 Bd6 32. Na2 c5 33. bxc5 Bxc5
34. Nc3 b4 35. Nd1 Kf6 36. Ne3 Nf8 37. Ndc4 Ng6 38. h4 Bd4 39. Kd3 Ke7 40. Kd2
Bc3+ 41. Ke2 Bd4 42. Kd2 Bc3+ 43. Ke2 Bd4 44. Kd2 Bc3+ 45. Ke2 {Game drawn by
repetition} 1/2-1/2

[Event "Team 45 45 League T87"]
[Site "Internet Chess Club"]
[Date "2021.01.16"]
[Round "2"]
[White "liujf"]
[Black "handsomematch"]
[Result "0-1"]
[WhiteElo "1582"]
[BlackElo "1324"]
[Opening "Neo-Grünfeld, 6.O-O"]
[ECO "D77"]
[Time "18:06:56"]
[TimeControl "2700+45"]

1. d4 Nf6 2. c4 g6 3. g3 Bg7 4. Bg2 d5 5. Nf3 O-O 6. O-O c5 7. Nc3 Nc6 8. cxd5
Nxd5 9. Nxd5 Qxd5 10. e3 Bg4 11. h3 Bf5 12. Ng5 Qd7 13. g4 Be6 14. d5 Rfd8 15.
Qe2 Bxd5 16. Rd1 Bc4 17. Rxd7 Bxe2 18. Bxc6 bxc6 19. Rxe7 Rd1+ 20. Kg2 Bf6 21.
Rxf7 Bxg5 22. Rc7 Bf1+ 23. Kg3 Bb5 24. b3 Bf6 25. Rb1 Be5+ {White resigns} 0-1

[Event "Team 45 45 League T87"]
[Site "Internet Chess Club"]
[Date "2021.01.17"]
[Round "2"]
[White "aec7r3b"]
[Black "vhuffst"]
[Result "0-1"]
[WhiteElo "1319"]
[BlackElo "1248"]
[Opening "Ruy Lopez: 5.O-O"]
[ECO "C78"]
[Time "13:00:49"]
[TimeControl "2700+45"]

1. e4 e5 2. Nf3 Nc6 3. Bb5 a6 4. Ba4 Nf6 5. O-O b5 6. Bb3 Nxe4 7. Re1 d5 8. d3
Nc5 9. Nxe5 Nxe5 10. Rxe5+ Be7 11. Bxd5 Bb7 12. Qh5 O-O 13. Nc3 c6 14. Bf3 Nd7
15. Re1 Nf6 16. Qh3 b4 17. Ne4 Nxe4 18. Bxe4 g6 19. Bh6 Re8 20. Re2 Bg5 21. Bxg5
Qxg5 22. Rae1 Bc8 23. Qf3 Bd7 24. Bxc6 Rxe2 25. Rxe2 Qc1+ 26. Re1 Qxe1# {White
checkmated} 0-1

[Event "Team 45 45 League T87"]
[Site "Internet Chess Club"]
[Date "2021.01.18"]
[Round "2"]
[White "mongmong"]
[Black "eevee11"]
[Result "1-0"]
[WhiteElo "1417"]
[BlackElo "922"]
[Opening "Grünfeld: Russian, Alekhine (Hungarian) variation"]
[ECO "D97"]
[Time "19:58:50"]
[TimeControl "2700+45"]

1. d4 Nf6 2. Nf3 g6 3. c4 Bg7 4. Nc3 d5 5. Qb3 dxc4 6. Qxc4 O-O 7. e4 a6 8. Be2
b5 9. Qb3 c6 10. h3 Be6 11. Qc2 Nbd7 12. O-O Nb6 13. Rd1 Bc4 14. b3 Bxe2 15.
Qxe2 Qc7 16. Bb2 Rfd8 17. Rac1 c5 18. Nb1 c4 19. bxc4 bxc4 20. Na3 Rac8 21. Bc3
Na4 22. Qe1 Nxc3 23. Rxc3 Qa5 24. Rdc1 Nh5 25. Qe3 Qb6 26. Rxc4 Rxc4 27. Rxc4
Qb2 28. Qb3 Qa1+ 29. Qb1 Qxb1+ 30. Nxb1 Nf4 31. Nbd2 Ne2+ 32. Kf1 Nxd4 33. Nxd4
Rxd4 34. Rxd4 Bxd4 35. Ke2 Kf8 36. f3 e5 37. Kd3 Ke7 38. Kc4 Kd6 39. Nb3 Bb6 40.
a4 Kc6 41. Nc1 Be3 42. Nd3 f6 43. Nb4+ Kb7 44. Nd5 Bg5 45. Kc5 a5 46. Kd6 Bh4
47. Nc3 Kb6 48. Nd5+ Kb7 49. Kc5 f5 50. Kb5 Be1 51. Ne7 fxe4 52. fxe4 Bb4 53.
Nc6 Bc3 54. Nxa5+ Bxa5 55. Kxa5 Ka7 56. g4 g5 57. Kb5 Kb7 58. Kc5 Ka6 59. Kd5
Ka5 60. Kxe5 Kxa4 61. Kf6 Kb5 62. e5 Kc6 63. e6 Kd6 64. e7 Kd7 65. Kf7 {Black
resigns} 1-0

[Event "Team 45 45 League T87"]
[Site "Internet Chess Club"]
[Date "2021.01.16"]
[Round "2"]
[White "rookmaster23"]
[Black "ILRE"]
[Result "1-0"]
[WhiteElo "1691"]
[BlackElo "1583"]
[Opening "French: classical, Steinitz variation"]
[ECO "C14"]
[Time "15:00:28"]
[TimeControl "2700+45"]

1. e4 e6 2. d4 d5 3. Nc3 Nf6 4. Bg5 Be7 5. e5 Nfd7 6. Bxe7 Qxe7 7. f4 c5 8. Nb5
Nb6 9. Nd6+ Kf8 10. dxc5 Na4 11. Nxc8 Qxc5 12. c3 Qe3+ 13. Be2 Qxf4 14. Qb3 Nc5
15. Qb4 Qxb4 16. cxb4 Ncd7 17. Nf3 Nc6 18. Nd6 Nxb4 19. Rc1 Nc6 20. Nxb7 Ncxe5
21. Rf1 Nxf3+ 22. Rxf3 g6 23. Nc5 Nxc5 24. Rxc5 Kg7 25. Rc7 Rhf8 26. Rb3 h5 27.
Rbb7 a5 28. Ra7 Kf6 29. Rxf7+ Rxf7 30. Rxa8 Rb7 31. b3 Ke5 32. Rxa5 Rb4 33. Rb5
Re4 34. g3 g5 35. a4 h4 36. a5 Kd6 37. a6 hxg3 38. hxg3 {Black resigns} 1-0

[Event "Team 45 45 League T87"]
[Site "Internet Chess Club"]
[Date "2021.01.14"]
[Round "2"]
[White "Constrictor"]
[Black "tryanything"]
[Result "1-0"]
[WhiteElo "1574"]
[BlackElo "1521"]
[Opening "Vienna game"]
[ECO "C28"]
[Time "18:20:20"]
[TimeControl "2700+45"]

1. e4 e5 2. Nc3 Nc6 3. Bc4 Nf6 4. d3 Be7 5. f4 d6 6. Nf3 Bg4 7. h3 Bxf3 8. Qxf3
O-O 9. Be3 exf4 10. Bxf4 Nd4 11. Qd1 a6 12. Ne2 b5 13. Bxf7+ Rxf7 14. Nxd4 Qd7
15. O-O Raf8 16. Qe2 c5 17. Nf5 d5 18. Nxe7+ Qxe7 19. e5 Nd7 20. Bh2 Qe6 21. c3
d4 22. Rxf7 Rxf7 23. cxd4 cxd4 24. Qe4 g6 25. Qxd4 Rf5 26. Qd6 Qxd6 27. exd6 Rd5
28. Re1 {Black resigns} 1-0

[Event "Team 45 45 League T87"]
[Site "Internet Chess Club"]
[Date "2021.01.17"]
[Round "2"]
[White "Electryon"]
[Black "Gojira"]
[Result "1-0"]
[WhiteElo "1364"]
[BlackElo "1536"]
[Opening "Queen's pawn game"]
[ECO "D02"]
[Time "12:02:49"]
[TimeControl "2700+45"]

1. d4 d5 2. Nf3 Bf5 3. Bf4 f6 4. e3 g5 5. Bg3 h5 6. h3 e6 7. Bd3 Nh6 8. Nxg5
fxg5 9. Qxh5+ Nf7 10. Qe2 Bd6 11. Bxf5 exf5 12. Qb5+ c6 13. Qxb7 Bxg3 14. Qxa8
Bxf2+ 15. Kxf2 Qc7 16. Nc3 Nd6 17. a4 O-O 18. Nxd5 Ne4+ 19. Kg1 Qd7 20. Nb4 Rc8
21. d5 c5 22. Nc6 {Black forfeits on time} 1-0

[Event "Team 45 45 League T87"]
[Site "Internet Chess Club"]
[Date "2021.01.17"]
[Round "2"]
[White "Visin"]
[Black "cap78red"]
[Result "0-1"]
[WhiteElo "1181"]
[BlackElo "1484"]
[Opening "Pirc: Holmov system"]
[ECO "B07"]
[Time "14:00:40"]
[TimeControl "2700+45"]

1. e4 d6 2. d4 Nf6 3. Nc3 g6 4. Bc4 Bg7 5. Bf4 O-O 6. Nf3 Nxe4 7. Nxe4 d5 8.
Ned2 dxc4 9. Nxc4 Bg4 10. c3 c5 11. Nce5 Bxf3 12. Nxf3 cxd4 13. Nxd4 e5 14. Ne2
exf4 15. Nxf4 Re8+ 16. Ne2 Qe7 17. f3 Nc6 18. Kf2 Qe3+ 19. Kf1 Rad8 20. Qc2 Rd2
21. Qxd2 {White resigns} 0-1

[Event "Team 45 45 League T87"]
[Site "Internet Chess Club"]
[Date "2021.01.16"]
[Round "2"]
[White "cap78red"]
[Black "goldeen7"]
[Result "1/2-1/2"]
[WhiteElo "1479"]
[BlackElo "1320"]
[Opening "English opening"]
[ECO "A16"]
[Time "10:00:23"]
[TimeControl "2700+45"]

1. c4 Nf6 2. Nc3 g6 3. e4 d6 4. d3 Bg7 5. f4 O-O 6. Nf3 e5 7. Be2 a5 8. a4 Na6
9. O-O Nc5 10. Kh1 exf4 11. Bxf4 Nh5 12. Be3 f5 13. e5 f4 14. Bf2 g5 15. exd6
cxd6 16. Nxg5 Qxg5 17. Bxh5 Rf6 18. Bxc5 dxc5 19. Ne4 Qe5 20. Nxf6+ Qxf6 21. Qe2
Bd7 22. Bf3 Re8 23. Bd5+ Kh8 24. Qd2 Bh6 25. Qc3 Qxc3 26. bxc3 Re3 27. Rf3 Bg4
28. Rxe3 fxe3 29. h3 e2 30. hxg4 Bd2 31. Bxb7 Bxc3 32. Bf3 Kg7 33. Bxe2 Bxa1 34.
Kg1 Bd4+ 35. Kf1 Kf6 36. Bf3 Ke5 37. g5 Kf4 38. Be4 Kxg5 39. Bxh7 Kg4 40. Ke2
Kg3 41. Be4 Bf2 42. Bc6 Bd4 {Game drawn by mutual agreement} 1/2-1/2

[Event "Team 45 45 League T87"]
[Site "Internet Chess Club"]
[Date "2021.01.18"]
[Round "2"]
[White "olivermx"]
[Black "Validus"]
[Result "0-1"]
[WhiteElo "1304"]
[BlackElo "1428"]
[Opening "Scandinavian (center counter) defense"]
[ECO "B01"]
[Time "19:17:54"]
[TimeControl "2700+45"]

1. e4 d5 2. exd5 Qxd5 3. Nc3 Qd8 4. d4 c6 5. Nf3 Nf6 6. Bc4 Bf5 7. Bf4 e6 8. Qe2
Be7 9. Ne5 Nbd7 10. O-O-O Bb4 11. Qe3 Qa5 12. h3 Bxc3 13. Qxc3 Qxc3 14. bxc3 Nd5
15. Bd2 N7b6 16. Bb3 a5 17. a4 f6 18. Nd3 Bxd3 19. cxd3 Nd7 20. Rhe1 Kf7 21. Kc2
Rab8 22. Rb1 b6 23. c4 Ne7 24. Bf4 Rb7 25. g4 g5 26. Bd2 Rd8 27. f4 gxf4 28.
Bxf4 Nf8 29. Kc3 Nfg6 30. Bg3 Rbd7 31. Bf2 Nf4 32. h4 c5 33. Re4 cxd4+ 34. Rxd4
Ne2+ {White resigns} 0-1

[Event "Team 45 45 League T87"]
[Site "Internet Chess Club"]
[Date "2021.01.15"]
[Round "2"]
[White "bardu"]
[Black "kabubi"]
[Result "1-0"]
[WhiteElo "1390"]
[BlackElo "1118"]
[Opening "QGD: Orthodox defense, 7.Rc1"]
[ECO "D63"]
[Time "10:07:13"]
[TimeControl "2700+45"]

1. d4 d5 2. c4 e6 3. Nc3 Nf6 4. Bg5 Nbd7 5. e3 Be7 6. Nf3 O-O 7. Rc1 Bb4 8. cxd5
exd5 9. Qc2 Be7 10. Bd3 h6 11. Bh4 Ne4 12. Bxe7 Qxe7 13. Nxd5 {Black resigns}
1-0

[Event "Team 45 45 League T87"]
[Site "Internet Chess Club"]
[Date "2021.01.14"]
[Round "2"]
[White "WzeroMN"]
[Black "Kidpython"]
[Result "0-1"]
[WhiteElo "1058"]
[BlackElo "1167"]
[Opening "Scandinavian (center counter) defense"]
[ECO "B01"]
[Time "13:33:39"]
[TimeControl "2700+45"]

1. e4 d5 2. exd5 Qxd5 3. Nc3 Qd8 4. Bc4 Nf6 5. d4 a6 6. Nf3 Bf5 7. O-O b5 8. Bd3
Bg4 9. Be2 Nc6 10. Ne5 Rc8 11. Nxc6 Qd7 12. Bxg4 Nxg4 13. Ne5 Nxe5 14. dxe5 Qe6
15. Qd5 Qxd5 16. Nxd5 c6 17. Ne3 e6 18. Bd2 Rd8 19. Rad1 f6 20. Ba5 Rxd1 21.
Rxd1 Be7 22. exf6 Bxf6 23. b3 O-O 24. Rd6 Bg5 25. Rxc6 Rf6 26. Rc8+ Kf7 27. Bd8
Rg6 28. Bxg5 Rxg5 29. h4 Rh5 30. g3 Kf6 31. Rc6 a5 32. a4 b4 33. Nd5+ Rxd5 34.
Rb6 Rd2 35. Rb5 Rxc2 36. Rxa5 Rb2 37. Rb5 Rxb3 38. a5 Rb1+ 39. Kg2 b3 40. a6 b2
41. a7 Ra1 42. Rxb2 Rxa7 43. Rb8 g5 44. hxg5+ Kxg5 45. Kh3 Rf7 46. f4+ Kf5 47.
Kh4 Rf6 48. Kh5 Rg6 49. Rb5+ Kf6 50. f5 exf5 51. Rb6+ Kf7 52. Rb7+ Kf6 53. Rb6+
Ke5 54. Rb5+ Ke4 55. Rb4+ Kd3 56. Rb7 Rxg3 57. Rxh7 Rh3+ 58. Kg6 Rxh7 59. Kxh7
f4 60. Kg6 f3 61. Kg5 f2 62. Kg4 f1=Q 63. Kg3 Qf5 64. Kh2 Qg4 65. Kh1 Ke2 66.
Kh2 Kf2 {White resigns} 0-1

[Event "Team 45 45 League T87"]
[Site "Internet Chess Club"]
[Date "2021.01.14"]
[Round "2"]
[White "Gojira"]
[Black "GoIrish"]
[Result "1/2-1/2"]
[WhiteElo "1561"]
[BlackElo "1503"]
[Opening "Queen's pawn game"]
[ECO "A45"]
[Time "20:04:41"]
[TimeControl "2700+45"]

1. d4 Nf6 2. Nc3 g6 3. Bf4 Bg7 4. e4 d6 5. Qd2 O-O 6. h4 h5 7. Nf3 Nbd7 8. O-O-O
c5 9. dxc5 Nxc5 10. e5 Nfe4 11. Qe3 Nxc3 12. Qxc3 Bf5 13. Nd4 Bd7 14. exd6 Ne4
15. dxe7 Qxe7 16. Qe3 Rfe8 17. f3 Nf6 18. Qxe7 Rxe7 19. Bc4 Rc8 20. Bd3 Nd5 21.
Bd6 Ree8 22. Bb5 Bxb5 23. Nxb5 Bh6+ 24. Kb1 Ne3 25. Rd2 Nc4 26. Rd3 Nd2+ 27. Ka1
Rxc2 28. Bb4 Re2 29. Nd4 Nc4 30. Nxe2 Rxe2 31. Bc3 Bg7 32. Rc1 Bxc3 33. Rdxc3
Nd6 34. R3c2 Re6 35. Rd1 Kg7 36. Rcd2 Nf5 37. Rd7 Ne3 38. Rc1 Nxg2 39. Rxb7 Nxh4
40. a3 Nxf3 41. Rf1 Ng5 42. Rxa7 h4 43. Rg1 Nf3 44. Rf1 Ng5 45. Rg1 Nf3 46. Rf1
Ng5 {Game drawn by repetition} 1/2-1/2

[Event "Team 45 45 League T87"]
[Site "Internet Chess Club"]
[Date "2021.01.17"]
[Round "2"]
[White "dabodhi"]
[Black "rkjulianjr"]
[Result "1-0"]
[WhiteElo "1424"]
[BlackElo "1363"]
[Opening "Giuoco Piano"]
[ECO "C50"]
[Time "13:02:10"]
[TimeControl "2700+45"]

1. e4 e5 2. Nf3 Nc6 3. Bc4 Bc5 4. O-O d6 5. c3 a6 6. d4 exd4 7. cxd4 Ba7 8. Qb3
Qe7 9. Bg5 Nf6 10. e5 h6 11. exf6 gxf6 12. Re1 Be6 13. Bxe6 O-O 14. Bf5 Qxe1+
15. Nxe1 Nxd4 16. Qd3 fxg5 17. Nf3 Rae8 18. Nc3 Nc6 19. Nxg5 Ne5 20. Qh3 Bxf2+
21. Kxf2 Ng6 22. Qxh6 Re2+ 23. Nxe2 {Black resigns} 1-0

[Event "Team 45 45 League T87"]
[Site "Internet Chess Club"]
[Date "2021.01.16"]
[Round "2"]
[White "CMAlge"]
[Black "PsyMar"]
[Result "0-1"]
[WhiteElo "1213"]
[BlackElo "1468"]
[Opening "two knights defense: Wilkes Barre (Traxler) variation"]
[ECO "C57"]
[Time "10:20:38"]
[TimeControl "2700+45"]

1. e4 e5 2. Nf3 Nc6 3. Bc4 Nf6 4. Ng5 Bc5 5. Bxf7+ Kf8 6. Bc4 d5 7. exd5 Bxf2+
8. Kf1 Bg4 9. Qxg4 Nxg4 10. Ne6+ Ke7 11. Nxd8 Nd4 12. Na3 Raxd8 13. h3 Rhf8 14.
hxg4 a6 15. d3 Bg3+ 16. Bf4 Rxf4+ 17. Kg1 Ne2# {White checkmated} 0-1

[Event "Team 45 45 League T87"]
[Site "Internet Chess Club"]
[Date "2021.01.17"]
[Round "2"]
[White "Fulmar"]
[Black "seldredg"]
[Result "0-1"]
[WhiteElo "1184"]
[BlackElo "1326"]
[Opening "Philidor's defense"]
[ECO "C41"]
[Time "12:33:53"]
[TimeControl "2700+45"]

1. e4 d6 2. Nf3 e5 3. c3 Nf6 4. Qe2 Nbd7 5. d4 b6 6. Nbd2 Bb7 7. b3 Be7 8. Bb2
a5 9. Qd3 Ba6 10. c4 Rb8 11. d5 O-O 12. Be2 Nc5 13. Qc2 Qd7 14. O-O Nh5 15. Ne1
Nf4 16. Nb1 Bh4 17. f3 Qe7 18. Bd1 Bc8 19. g3 Nh3+ 20. Kg2 Bg5 21. g4 Nf4+ 22.
Kh1 Qf6 23. Nd2 Bh4 24. Ng2 Nxg2 25. Kxg2 g5 26. Bc1 Qg6 27. h3 f6 28. a3 Rf7
29. b4 Nd7 30. Nb3 Ra8 31. b5 h5 32. gxh5 Qxh5 33. f4 Qg6 34. f5 Qh6 35. Bg4 Bb7
36. Be3 Kg7 37. Rad1 Rh8 38. Rh1 Bc8 39. Qe2 Kg8 40. Nd2 Rfh7 41. Bf2 Qg7 42.
Nf3 Bxf2 43. Qxf2 Nc5 44. Rde1 Nd3 45. Qg3 Nxe1+ 46. Nxe1 Bd7 47. Qc3 Be8 {White
forfeits on time} 0-1

[Event "Team 45 45 League T87"]
[Site "Internet Chess Club"]
[Date "2021.01.18"]
[Round "2"]
[White "Goli"]
[Black "Packerfan"]
[Result "1-0"]
[WhiteElo "1779"]
[BlackElo "1818"]
[Opening "Ruy Lopez: Schliemann defense"]
[ECO "C63"]
[Time "14:00:23"]
[TimeControl "2700+45"]

1. e4 e5 2. Nf3 Nc6 3. Bb5 f5 4. exf5 e4 5. Qe2 Qe7 6. Bxc6 dxc6 7. Nd4 Nf6 8.
O-O c5 9. Ne6 Bxe6 10. fxe6 O-O-O 11. Nc3 Qxe6 12. d3 Re8 13. dxe4 Kb8 14. f3
Bd6 15. Be3 h6 16. Nb5 g5 17. Nxd6 cxd6 18. Rfe1 g4 19. Bf4 gxf3 20. Qxf3 Ka8
21. Re2 d5 22. e5 Nd7 23. Rae1 Ref8 24. g3 h5 25. h4 Rf7 26. c3 Nf8 27. Qe3 Ng6
28. Bg5 Re8 29. Bf6 c4 30. Qg5 Qg4 31. Qxg4 hxg4 32. b3 b5 33. bxc4 dxc4 34. Re4
Nf8 35. Kg2 Nh7 36. Bg5 Rf5 37. Bf4 Nf8 38. e6 Rd5 39. e7 Ng6 40. Bg5 Rd6 41.
Re6 Rxe6 42. Rxe6 Nh8 43. Rf6 Kb7 44. Rf8 {Black resigns} 1-0

[Event "Team 45 45 League T87"]
[Site "Internet Chess Club"]
[Date "2021.01.17"]
[Round "2"]
[White "cadmiumorange"]
[Black "Egmont"]
[Result "1/2-1/2"]
[WhiteElo "1834"]
[BlackElo "1729"]
[Opening "French: MacCutcheon variation"]
[ECO "C12"]
[Time "09:00:14"]
[TimeControl "2700+45"]

1. d4 d5 2. Nc3 e6 3. e4 Nf6 4. Bg5 Bb4 5. exd5 exd5 6. Bd3 Qe7+ 7. Ne2 Bg4 8.
O-O c6 9. f3 Be6 10. a3 Bd6 11. Ng3 h6 12. Nf5 Bxf5 13. Bxf5 O-O 14. Re1 Qd8 15.
Bh4 Na6 16. Qd3 Nc7 17. Re2 Re8 18. Rae1 Rxe2 19. Rxe2 Nce8 20. g4 Bf4 21. Bg3
Qd6 22. Bxf4 Qxf4 23. Qe3 Qxe3+ 24. Rxe3 Nd6 25. Bd3 Kf8 26. Kf2 Re8 27. h4
{Game drawn by mutual agreement} 1/2-1/2

[Event "Team 45 45 League T87"]
[Site "Internet Chess Club"]
[Date "2021.01.16"]
[Round "2"]
[White "ascoli"]
[Black "cayo89"]
[Result "1/2-1/2"]
[WhiteElo "1710"]
[BlackElo "1510"]
[Opening "King's pawn opening"]
[ECO "B07"]
[Time "14:12:39"]
[TimeControl "2700+45"]

1. e4 d6 2. d3 e5 3. Nf3 Nf6 4. g3 Be7 5. Bg2 c6 6. O-O Nbd7 7. Nc3 b5 8. Nd2
Qb6 9. Kh1 g5 10. a4 h6 11. axb5 cxb5 12. Nf3 a6 13. Be3 Qb7 14. h3 Nf8 15. Nd2
Ng6 16. d4 Qd7 17. Qe2 Bb7 18. Rfd1 Qc7 19. Nb3 Rc8 20. Na5 Ba8 21. Rd2 O-O 22.
d5 Kg7 23. Nb3 Bb7 24. Na2 Ra8 25. Rd3 Rfc8 26. Rc3 Qd8 27. Rxc8 Rxc8 28. Nb4
Qc7 29. Na5 Ra8 30. Ra3 Bd8 31. Nxb7 Qxb7 32. Nc6 Bb6 33. Bxb6 Qxb6 34. Qf3 a5
35. Qf5 Qc7 36. Rf3 Nh7 37. Bf1 b4 38. Bb5 Rf8 39. Rb3 Ne7 40. Qf3 Ng6 41. Qd3
Nf6 42. Ba4 Nd7 43. Qb5 Nc5 44. Re3 Ra8 45. Kg2 Nxa4 46. Qxa4 Qb6 47. Re1 Qc5
48. Ra1 Qc4 49. Kf3 f5 50. exf5 Qxd5+ 51. Ke3 Qc5+ 52. Ke2 Qc4+ 53. Ke1 Qe4+ 54.
Kd1 Qh1+ 55. Kd2 Qd5+ 56. Ke3 Qc5+ 57. Kd3 Qd5+ 58. Ke3 {Game drawn by
repetition} 1/2-1/2

[Event "Team 45 45 League T87"]
[Site "Internet Chess Club"]
[Date "2021.01.13"]
[Round "2"]
[White "timothysmall56"]
[Black "cityprosecutor"]
[Result "0-1"]
[WhiteElo "1720"]
[BlackElo "1670"]
[Opening "Pirc defense"]
[ECO "B07"]
[Time "22:31:29"]
[TimeControl "2700+45"]

1. e4 d6 2. d4 Nf6 3. f3 c5 4. c3 Nbd7 5. Bg5 e6 6. Bb5 Be7 7. dxc5 dxc5 8. Ne2
O-O 9. O-O a6 10. Bxd7 Bxd7 11. Qb3 c4 12. Qc2 e5 13. Nd2 b5 14. Be3 Qc7 15. Kh1
Be6 16. a4 Nd7 17. axb5 axb5 18. f4 Bg4 19. Rxa8 Rxa8 20. Ng3 exf4 21. Rxf4 Bg5
22. Rxg4 Bxe3 23. Ne2 Ne5 24. Rg3 Bxd2 25. Qxd2 Ra1+ 26. Ng1 Nd3 27. Rf3 Qb6 28.
Re3 Rd1 29. Qe2 Re1 {White resigns} 0-1